 Dungeon Crawl Stone Soup version 0.27.1 (webtiles) character file.

Game seed: 18354957786818827419

233 Goblin1989 the Sneak (level 5, -3/41 HPs)
             Began as a Demonspawn Delver on Aug 26, 2021.
             Slain by a centaur (4 damage)
             ... on level 4 of the Dungeon on Aug 27, 2021.
             The game lasted 00:10:02 (5674 turns).

Goblin1989 the Sneak (Demonspawn Delver)            Turns: 5674, Time: 00:10:02

Health: -3/41      AC:  5    Str:  9 (12) XL:     5   Next: 74%
Magic:  0/5        EV:  7    Int: 11 (12) God:
Gold:   225        SH: 10    Dex: 14 (15) Spells: 4/4 levels left

rFire    + . .     SeeInvis .   L - +1 dagger (speed)
rCold    + . .     Faith    .   S - +0 tower shield
rNeg     . . .     Spirit   +   X - +0 ring mail
rPois    +         Reflect  .   (no helmet)
rElec    +         Harm     .   (no cloak)
rCorr    +         Rampage  .   (no gloves)
Will     .....                  (no boots)
Stlth    ++........             (no amulet)
HPRegen  0.13/turn              (no ring)
MPRegen  0.18/turn              (no ring)

@: brilliant, resistant, attractive
A: repulsion field 1, magic shield, magic regeneration
a: no special abilities


You were on level 4 of the Dungeon.
You visited 1 branch of the dungeon, and saw 5 of its levels.

You collected 225 gold pieces.

Inventory:

Hand Weapons
 a - a +0 short sword
 L - a +1 dagger of speed (weapon)
Missiles
 N - 73 poisoned darts (quivered)
Armour
 S - a +0 tower shield (worn)
 X - a +0 ring mail (worn)
Jewellery
 Q - an amulet of faith {!P}
Wands
 g - a wand of digging (3) {@v1}
Scrolls
 c - 2 scrolls of fog
 J - a scroll of enchant armour {unknown}
 K - a scroll of acquirement {unknown}
 M - 2 scrolls of magic mapping
 O - 3 scrolls of identify {unknown}
 T - a scroll of immolation {unknown}
 U - 2 scrolls of amnesia {unknown}
 Y - a scroll of fear
Potions
 e - a potion of degeneration
 f - a potion of haste {@q3,}
 V - a potion of invisibility {unknown}
 W - a potion of lignification {unknown}
 Z - a potion of ambrosia {unknown}


   Skills:
 + Level 3.3 Fighting
 * Level 3.7 Short Blades
 + Level 0.6 Throwing
 + Level 2.3 Dodging
 + Level 5.5 Stealth
 + Level 1.2 Shields


You had 4 spell levels left.
You didn't know any spells.
Your spell library was empty.

Dungeon Overview and Level Annotations

Branches:
Dungeon (5/15)
 Temple: D:4-7

Altars:
Hepliaklqana

Annotations:
D:2 exclusions: gnoll and ogre, Sigmund


Innate Abilities, Weirdness & Mutations

You are surrounded by a mild repulsion field. (EV +2)
When hurt, damage is shared between your health and your magic reserves.
You regenerate magic rapidly.


Message History

The centaur is severely wounded.
The centaur hits you.
* * * LOW HITPOINT WARNING * * *
The centaur kicks you but does no damage.
The centaur barely misses you. You block the centaur's attack.
You take 1 damage, and have 11/41 hp.
You hit the centaur.
The centaur is severely wounded.
You block the centaur's attack. The centaur closely misses you.
You hit the centaur.
The centaur is severely wounded.
The centaur hits you.
* * * LOW HITPOINT WARNING * * *
The centaur kicks you.
* * * LOW HITPOINT WARNING * * *
The centaur hits you.
* * * LOW HITPOINT WARNING * * *
The centaur kicks you but does no damage.
You take 4 damage, and have 8/41 hp.
You now have 3/5 mp.
You hit the centaur.
The centaur is almost dead.
The centaur hits you.
* * * LOW HITPOINT WARNING * * *
The centaur kicks you but does no damage.
You take 3 damage, and have 5/41 hp.
You hit the centaur but do no damage.
The centaur is almost dead.
You block the centaur's attack. The centaur barely misses you.
The centaur hits you.
* * * LOW HITPOINT WARNING * * *
You block the centaur's attack.
You take 1 damage, and have 4/41 hp.
You now have 2/5 mp.
You barely miss the centaur.
The centaur is almost dead.
The centaur hits you.
* * * LOW HITPOINT WARNING * * *
The centaur barely misses you.
You take 2 damage, and have 2/41 hp.
You hit the centaur.
The centaur is almost dead.
You block the centaur's attack.
The centaur kicks you but does no damage.
The centaur hits you.
* * * LOW HITPOINT WARNING * * *
The centaur misses you.
You take 1 damage, and have 1/41 hp.
It was a potion of degeneration.
There was something very wrong with that liquid.
You feel weakened.
You feel dopey.
You feel clumsy.
e - a potion of degeneration;
Y - a scroll of fear The centaur closely misses you.
The centaur kicks you.
You now have 1/5 mp.
It was a potion of brilliance.
You feel clever all of a sudden.
The centaur hits you but does no damage.
You block the centaur's attack. The centaur completely misses you.
The centaur barely misses you.
It was a potion of resistance.
You feel protected. You block the centaur's attack. The centaur kicks you.
* * * LOW HITPOINT WARNING * * *
You take 1 damage, and have 1/41 hp.
It was a potion of curing.
You feel better. You block the centaur's attack.
The centaur closely misses you. The centaur completely misses you.
The centaur kicks you but does no damage.
You regained 5 hp, and now have 6/41 hp.
It was a potion of attraction.
You feel attractive to monsters. You block the centaur's attack.
The centaur kicks you but does no damage.
You closely miss the centaur.
The centaur is almost dead.
The centaur hits you but does no damage.
You block the centaur's attack. x3
You closely miss the centaur.
The centaur is almost dead.
The centaur hits you but does no damage.
The centaur kicks you.
* * * LOW HITPOINT WARNING * * *
You block the centaur's attack.
The centaur kicks you but does no damage.
You take 1 damage, and have 5/41 hp.
You hit the centaur.
The centaur is almost dead.
You block the centaur's attack. x2
You hit the centaur but do no damage.
The centaur is almost dead.
The centaur barely misses you. x2
The centaur hits you but does no damage.
The centaur closely misses you.
Your ring mail prevents you from hitting the centaur.
The centaur is almost dead.
The centaur hits you.
* * * LOW HITPOINT WARNING * * *
The centaur closely misses you.
You take 4 damage, and have 1/41 hp.
You now have 1/5 mp.
You hit the centaur but do no damage.
The centaur is almost dead.
The centaur hits you.
You die...

███...........
██.............
█>......██████. █
█.█.██∆██ █. █.
█.███♣P≈♣ ≈▲.
█.█████...█≈♣♣≈♣█♣≈█.
█....██...█≈ █♣≈♣†♣██
█..c.█....█♣█♣≈≈≈♣ ♣█
█...@.....██♣≈♣≈♣█ P█
█......█...█≈♣█♣≈♣♣≈█
█...|.██...∆÷♣♣█♣≈≈██
█.....██...██≈÷♣██∆██
██...███...██████....
█...█


█████ █...█... █...█ █....... █...█ █...█... █...█... You could see a centaur.

Vanquished Creatures
  7 gnolls (D:3)
  8 adders
  3 worms
  A dart slug (D:2)
  4 orcs
  5 ball pythons
  9 bats
  7 endoplasms
  3 giant cockroaches
  3 goblins
  6 hobgoblins
  10 jackals
  A quokka (D:1)
  2 frilled lizards
  5 kobolds
  4 rats
78 creatures vanquished.

Notes
Turn   | Place    | Note
-------+----------+-------------------------------------------
     0 | D:5      | Goblin1989 the Demonspawn Delver began the quest for the
                  | Orb.
     0 | D:5      | Reached XP level 1. HP: 18/18 MP: 1/1
     7 | D:5      | Noticed a centaur
   241 | D:2      | Gained mutation: You regenerate magic rapidly. [demonic
                  | ancestry]
   241 | D:2      | Reached XP level 2. HP: 11/24 MP: 2/2
   678 | D:2      | Reached skill level 5 in Stealth
   678 | D:2      | Gained mutation: When hurt, damage is shared between your
                  | health and your magic reserves. [demonic ancestry]
   678 | D:2      | Reached XP level 3. HP: 23/29 MP: 3/3
   788 | D:2      | Noticed Sigmund
  1272 | D:2      | Noticed an ogre
  1762 | D:1      | Found a faded altar of an unknown god.
  1873 | D:1      | Gained mutation: You are surrounded by a mild repulsion
                  | field. (EV +2) [demonic ancestry]
  1873 | D:1      | Reached XP level 4. HP: 31/35 MP: 4/4
  3353 | D:3      | Found a hazy altar of Hepliaklqana.
  4632 | D:4      | Reached XP level 5. HP: 41/41 MP: 5/5
  4710 | D:3      | Reached skill level 1 in Shields
  5633 | D:4      | Noticed a centaur
  5662 | D:4      | HP: 2/41 [centaur (2)]
  5673 | D:4      | HP: 1/41 [centaur (5)]
  5674 | D:4      | Slain by a centaur

Illustrated notes

Levels and vault maps discovered:
D:1:      dpeg_arrival_stone_temple_mockup, layout_basic,
          hellmonk_ecumenical_altar_zigzags
D:2:      layout_loops_cross, uniq_sigmund
D:3:      layout_basic, lemuel_coloured_pillars_altar
D:4:      layout_rooms, serial_curves, eino_curves_04, eino_curves_04,
          saegor_snake_ambush
D:5:      layout_cave_pools, nicolae_xom_altar_mimics, minivault_14,
          uniq_eustachio, uniq_edmund

Skill      XL: |  1  2  3  4  5 |
---------------+----------------+-----
Short Blades   | 2 3 |  3.7
Stealth        | 5 |  5.5
Dodging        | 2 |  2.3
Shields        | 1 |  1.2
Fighting       | |  3.3
Throwing       | |  0.6

Action                   |  1- 3 |  4- 6 || total
-------------------------+-------+-------++-------
Melee: Short sword       |   160 |   132 ||   292
       Dagger            |       |   150 ||   150
Throw: Dart              |    16 |    15 ||    31
  Use: Potion            |       |     5 ||     5
 Stab: Sleeping          |     6 |     7 ||    13
       Distracted        |       |     1 ||     1
Armor: Leather armour    |    59 |    13 ||    72
       Ring mail         |       |    97 ||    97
Dodge: Dodged            |    97 |    99 ||   196
Block: Tower shield      |    43 |   206 ||   249
